 Dungeon Crawl Stone Soup version 0.27.1-3-gb3d3a73c9e (webtiles) character file.

Game seed: 8585467345168916589

112 AZSletch the Skirmisher (level 4, -1/45 HPs)
             Began as a Troll Fighter on Oct 8, 2021.
             Was an Initiate of Kikubaaqudgha.
             Succumbed to a water moccasin's poison
             ... on level 4 of the Dungeon.
             The game lasted 00:05:27 (2008 turns).

AZSletch the Skirmisher (Troll Fighter)             Turns: 2008, Time: 00:05:28

Health: -1/45      AC:  4    Str: 24    XL:     4   Next: 64%
Magic:  3/3        EV:  8    Int:  4    God:    Kikubaaqudgha [......]
Gold:   243        SH:  9    Dex: 10    Spells: 3/3 levels left

rFire    . . .     SeeInvis +     - Unarmed
rCold    . . .     Faith    .   b - +0 kite shield
rNeg     . . .     Spirit   .   a - +0 robe
rPois    .         Reflect  .   (helmet restricted)
rElec    .         Harm     .   (no cloak)
rCorr    .         Rampage  .   (gloves unavailable)
Will     .....                  (boots unavailable)
Stlth    +.........             q - amulet of regeneration
HPRegen  2.15/turn              m - ring of see invisible
MPRegen  0.08/turn              (no ring)

@: mighty, lethally poisoned (-1 -> -4)
A: large, unfitting armour, claws 3, regeneration 1, shaggy fur 1, tough skin 1
a: Renounce Religion


You were on level 4 of the Dungeon.
You worshipped Kikubaaqudgha.
Kikubaaqudgha was noncommittal.
You visited 1 branch of the dungeon, and saw 4 of its levels.

You collected 243 gold pieces.

Inventory:

Missiles
 k - 7 javelins (quivered)
 t - 27 poisoned darts
Armour
 a - a +0 robe (worn)
 b - a +0 kite shield (worn)
Jewellery
 m - a ring of see invisible (left claw)
 q - an amulet of regeneration (around neck)
Scrolls
 f - 2 scrolls of magic mapping {unknown}
 h - 4 scrolls of identify {unknown}
 j - 3 scrolls of teleportation {unknown}
 l - 2 scrolls of immolation {unknown}
 p - a scroll of silence {unknown}
 r - 2 scrolls of vulnerability {unknown}
 v - a scroll of summoning {unknown}
Potions
 d - a potion of berserk rage {unknown}
 e - a potion of heal wounds {unknown}
 g - 3 potions of curing {unknown}
 i - 2 potions of lignification {unknown}
 n - a potion of mutation {unknown}
 o - a potion of degeneration {unknown}
 s - a potion of ambrosia {unknown}
 u - a potion of cancellation {unknown}


   Skills:
 * Level 3.2 Fighting
 + Level 1.1 Armour
 + Level 2.9 Dodging
 + Level 2.7 Shields
 - Level 2.4 Unarmed Combat
 * Level 0.9 Necromancy


You had 3 spell levels left.
You didn't know any spells.
Your spell library contained the following spells:

 Spells                   Type           Power      Damage    Failure   Level
 Corpse Rot               Necr/Air       N/A        N/A       95%         2
 Inner Flame              Hex/Fire       0%         N/A       100%        3
 Borgnjor's Vile Clutch   Necr/Erth      0%         N/A       100%        5
 Metabolic Englaciation   Hex/Ice        0%         N/A       100%        5


Dungeon Overview and Level Annotations

Branches:
Dungeon (4/15)
 Temple: D:4-7

Altars:
Kikubaaqudgha


Innate Abilities, Weirdness & Mutations

You are too large for most types of armour.
You have claws for hands.
Your natural rate of healing is unusually fast.
You are covered in fur. (AC +1)
You have tough skin. (AC +1)


Message History

A water moccasin is nearby!
You claw the water moccasin!
The water moccasin is heavily wounded.
The water moccasin bites you but does no damage.
The water moccasin bites you!
You are poisoned.
The water moccasin poisons you!
You scratch the water moccasin.
The water moccasin is severely wounded.
You feel very sick. The water moccasin bites you!
You are more poisoned.
The water moccasin poisons you!
You scratch the water moccasin.
The water moccasin is almost dead.
You feel very sick. The water moccasin bites you. x2
You miss the water moccasin.
The water moccasin is almost dead.
You feel very sick. The water moccasin bites you.
You block the water moccasin's attack.
You closely miss the water moccasin.
The water moccasin is almost dead.
You feel very sick. The water moccasin bites you.
* * * LOW HITPOINT WARNING * * *
The water moccasin bites you but does no damage.
You closely miss the water moccasin.
The water moccasin is almost dead.
You feel sick. The water moccasin barely misses you.
You closely miss the water moccasin.
The water moccasin is almost dead.
You feel sick. The water moccasin bites you.
* * * LOW HITPOINT WARNING * * *
You are more poisoned.
The water moccasin poisons you! The water moccasin bites you.
* * * LOW HITPOINT WARNING * * *
You feel very mighty all of a sudden.
You die...
Kikubaaqudgha rasps: "You have failed me!
Welcome... death!"

#..............#
#..............# #
#..............# #
#..............#
####..............#
..................#
..................####.#
...........#####.......#
...........# #@#####..
...######.## #.S....#
...# #.# #$.....# ...#
#.# #......# ...######.#
#......# ...#......#
#......# ...#......#
#......# ...#......#
#......# ...#......#


You could see a water moccasin.

Vanquished Creatures
  An iguana (D:4)
  2 adders (D:3)
  2 worms
  3 dart slugs
  3 ball pythons
  3 endoplasms
  3 giant cockroaches
  4 goblins
  5 hobgoblins
  3 jackals (D:2)
  2 quokkas
  3 bats
  4 frilled lizards
  11 kobolds
  5 rats
54 creatures vanquished.

Notes
Turn   | Place    | Note
-------+----------+-------------------------------------------
     0 | D:1      | AZSletch the Troll Fighter began the quest for the Orb.
     0 | D:1      | Reached XP level 1. HP: 22/22 MP: 0/0
   125 | D:1      | Reached XP level 2. HP: 28/29 MP: 1/1
   648 | D:2      | Found a faded altar of an unknown god.
   771 | D:2      | Reached XP level 3. HP: 36/36 MP: 2/2
  1104 | D:2      | Found an ancient bone altar of Kikubaaqudgha.
  1137 | D:2      | Became a worshipper of Kikubaaqudgha
  1249 | D:2      | Got the Guide on Ensnaring Necromancy
  1404 | D:3      | Reached skill level 3 in Fighting
  1532 | D:3      | Reached XP level 4. HP: 45/45 MP: 3/3
  1715 | D:3      | Reached skill level 1 in Armour
  1998 | D:4      | Noticed a water moccasin
  2007 | D:4      | HP: 1/45 [water moccasin (5)]
  2008 | D:4      | Succumbed to a water moccasin's poison

Illustrated notes

Levels and vault maps discovered:
D:1:      dpeg_arrival_radiant, layout_rooms
D:2:      layout_basic, dreamdust_ecumenical_altar_angels_and_demons,
          basic_altar
D:3:      layout_rooms
D:4:      layout_basic, hangedman_abyss_or_decor_stabs

Skill      XL: |  1  2  3  4 |
---------------+-------------+-----
Fighting       | 3 |  3.2
Armour         | 1 |  1.1
Dodging        | |  2.9
Shields        | |  2.7
Unarmed Combat | |  2.4
Necromancy     | |  0.9

Action                   |  1- 3 |  4- 6 || total
-------------------------+-------+-------++-------
Melee: Unarmed           |   104 |    30 ||   134
  Use: Potion            |       |     1 ||     1
 Stab: Sleeping          |     1 |       ||     1
Armor: Robe              |    31 |     8 ||    39
Dodge: Dodged            |    31 |     5 ||    36
Block: Kite shield       |    41 |    11 ||    52
